 Dungeon Crawl Stone Soup version 0.30-a0-219-gf2db51d15e (webtiles) character file.

Game seed: 13123343904466943233

58008 KennySheep the Carver (level 14, -4/92 (101) HPs)
             Began as a Barachi Ice Elementalist on Oct 7, 2022.
             Was the Champion of Makhleb.
             Killed from afar by an orc sorcerer (17 damage)
             ... with a bolt of negative energy
             ... on level 2 of the Orcish Mines.
             The game lasted 01:13:36 (21354 turns).

KennySheep the Carver (Barachi Ice Elementalist)   Turns: 21354, Time: 01:13:37

HP:   -4/92 (101)   AC: 13    Str:  8    XL:     14   Next: 88%
MP:   28/28         EV: 14    Int: 18    God:    Makhleb [******]
Gold: 1010          SH: 23    Dex: 27    Spells: 13/33 levels left

rFire   . . .      SeeInvis .    a - +9 sword of Zonguldrok {reap}
rCold   x . .      Faith    .    I - +0 tower shield
rNeg    . . .      Spirit   .    X - +0 acid dragon scales
rPois   .          Reflect  +    L - +0 hat
rElec   .          Harm     .    R - scarf {repulsion}
rCorr   +          Rampage  .    y - +0 pair of gloves
Will    ++...                    p - +2 pair of boots
Stlth   +++.......               Z - amulet of reflection
HPRegen 0.35/turn                c - +6 ring of dexterity
MPRegen 0.21/turn                x - ring of willpower

@: studying Spellcasting, drained, repel missiles, slow
A: amphibious, slowness 1, strong legs 2, +LOS, thin skeletal structure 1, agile
1, frail 1, cold vulnerability 1
a: Hop, Renounce Religion, Minor Destruction, Lesser Servant of Makhleb, Major
Destruction, Greater Servant of Makhleb


You were on level 2 of the Orcish Mines.
You worshipped Makhleb.
Makhleb was exalted by your worship.
You visited 4 branches of the dungeon, and saw 19 of its levels.

You collected 2588 gold pieces.
You spent 1578 gold pieces at shops.

Inventory:

Hand Weapons
 a - the +9 sword of Zonguldrok (weapon) {reap}
   (You bought it in a shop on level 5 of the Dungeon)

   Any living foe damaged by it may be reanimated upon death as a zombie
   friendly to the wielder, with an increasing chance as more damage is dealt.
Missiles
 K - 5 throwing nets
Armour
 p - a +2 pair of boots (worn)
 y - a +0 pair of gloves (worn)
 z - a +0 buckler
 I - a +0 tower shield (worn)
 L - a +0 hat (worn)
 R - a scarf of repulsion (worn)
 X - +0 acid dragon scales (worn)
Magical Staves
 b - a staff of cold
Jewellery
 c - a +6 ring of dexterity (left hand)
 n - a ring of ice
 x - a ring of willpower (right hand)
 B - a ring of positive energy
 F - a ring of fire
 G - a +6 ring of dexterity
 V - a ring of protection from cold
 W - a ring of protection from fire
 Z - an amulet of reflection (around neck)
Wands
 w - a wand of polymorph (25)
 A - a wand of mindburst (8)
 H - a wand of flame (36)
 M - a wand of paralysis (26)
 N - a wand of digging (5)
Scrolls
 f - a scroll of summoning
 g - 3 scrolls of amnesia
 j - 9 scrolls of teleportation
 m - 3 scrolls of blinking
 o - 6 scrolls of enchant armour
 s - 2 scrolls of brand weapon
 u - 5 scrolls of fear
 v - 2 scrolls of magic mapping
 D - 4 scrolls of silence
 E - 3 scrolls of immolation
 J - a scroll of torment
 Q - 3 scrolls of vulnerability
 S - 3 scrolls of identify
 U - 3 scrolls of enchant weapon
Potions
 d - 2 potions of mutation
 e - 2 potions of lignification
 h - 2 potions of might
 i - 3 potions of brilliance
 k - a potion of berserk rage
 l - 7 potions of curing
 q - 3 potions of cancellation
 r - 3 potions of flight
 t - 2 potions of magic
 C - 2 potions of haste
 O - 2 potions of attraction
 P - 2 potions of resistance
 T - 2 potions of heal wounds
 Y - a potion of invisibility


   Skills:
 + Level 11.1 Fighting
 * Level 14.9 Long Blades
 - Level 9.0 Armour
 + Level 7.9 Dodging
 - Level 1.7 Stealth
 + Level 7.6 Shields
 + Level 10.1 Spellcasting
 - Level 10.9 Summonings
 * Level 13.3 Ice Magic


You had 13 spell levels left.
You knew the following spells:

 Your Spells              Type           Power      Damage    Failure   Level
a - Freeze                Ice            100%       1d11      1%          1
b - Frozen Ramparts       Ice            100%       1d16      1%          3
c - Ozocubu's Armour      Ice            55%        N/A       1%          3
d - Summon Ice Beast      Ice/Summ       52%        N/A       7%          4
e - Call Imp              Summ           48%        N/A       1%          2
f - Ozocubu's Refrigerat  Ice            27%        4d13      98%         7

Your spell library contained the following spells:

 Spells                   Type           Power      Damage    Failure   Level
 Summon Small Mammal      Summ           100%       N/A       1%          1
 Apportation              Tloc           18%        N/A       71%         1
 Beastly Appendage        Tmut           18%        N/A       71%         1
 Magic Dart               Conj           36%        1d4       71%         1
 Necrotise                Necr           36%        1d5       71%         1
 Animate Armour           Summ/Erth      56%        N/A       71%         4
 Static Discharge         Conj/Air       18%        2-3/arc   83%         2
 Sublimation of Blood     Necr           9%         N/A       83%         2
 Wereblood                Tmut           9%         N/A       83%         2
 Metabolic Englaciation   Hex/Ice        16%        N/A       88%         5
 Gell's Gravitas          Tloc           9%         N/A       97%         3
 Ignite Poison            Fire/Tmut/Pois 9%         N/A       97%         3
 Mephitic Cloud           Conj/Pois/Air  9%         N/A       97%         3
 Spider Form              Tmut/Pois      9%         N/A       97%         3
 Stone Arrow              Conj/Erth      18%        3d8       97%         3
 Teleport Other           Tloc           9%         N/A       97%         3
 Vhi's Electric Charge    Tloc/Air       18%        N/A       97%         3
 Olgreb's Toxic Radiance  Pois           9%         N/A       100%        4
 Petrify                  Tmut/Erth      9%         N/A       100%        4
 Sticky Flame             Conj/Fire      9%         2d3       100%        4
 Alistair's Intoxication  Tmut/Pois      6%         N/A       100%        5
 Arcjolt                  Conj/Air       4%         1d14      100%        5
 Blade Hands              Tmut           4%         N/A       100%        5
 Irradiate                Conj/Tmut      4%         3d13      100%        5
 Lightning Bolt           Conj/Air       4%         1d16      100%        5
 Dispersal                Tloc           4%         N/A       100%        6
 Simulacrum               Ice/Necr       16%        N/A       100%        6
 Dragon Form              Tmut           4%         N/A       100%        7
 Ignition                 Fire           4%         3d4       100%        8
 Lehudib's Crystal Spear  Conj/Erth      4%         10d3      100%        8


Dungeon Overview and Level Annotations

Branches:
Dungeon (11/15)            Temple (1/1) D:6            Lair (5/5) D:10
  Swamp (0/4) Lair:2       Spider (0/4) Lair:2        Slime (0/5) Lair:4
    Orc (2/2) D:11
    Elf: Orc:2

Altars:
Ashenzari
Cheibriados
Dithmenos
Elyvilon
Fedhas
Gozag
Hepliaklqana
Kikubaaqudgha
Makhleb
Nemelex Xobeh
Okawaru
Qazlal
Ru
Sif Muna
Trog
Uskayaw
Vehumet
Wu Jian
Xom
Yredelemnul
Zin
The Shining One
Jiyva

Shops:
D:1 =   D:5 (   D:6 *   D:8 =   D:10 [[*=*

Annotations:
D:9 2 transporters, LnG's ghost, novice KoSu
Orc:2 1 runed translucent door, drugrobin's ghost, journeyman DgDe


Innate Abilities, Weirdness & Mutations

You are amphibious.
You cover ground slowly.
You can hop long distances.
You have an extended range of vision and can be seen from far away.
You have a somewhat thin skeletal structure. (Dex +2, Stealth+)
You are agile. (Dex +4, Str/Int -1)
You are frail. (-10% HP)
You are vulnerable to cold. (rC-)


Message History

Your icy armour will break if you move.
Continue?
Your icy armour cracks and falls away as you move.
Found 23 gold pieces.
Your orc knight zombie completely misses the orc sorcerer.
The orc sorcerer hits your orc knight zombie with a +0 dagger!
You swap places.
The orc sorcerer hits you but does no damage.
You slice the orc sorcerer!!
The orc sorcerer is almost dead.
The orc sorcerer gestures wildly while chanting.
Your warg zombie bites the orc sorcerer.
Your orc knight zombie hits the orc sorcerer.
The orc sorcerer dies!
Makhleb accepts your kill.
The sun demon disappears in a puff of smoke!
An orc wizard comes into view. It is wielding a +0 dagger.
The orc sorcerer gestures at you while chanting.
The bolt of negative energy misses you. The orc wizard casts a spell at you.
The magic dart hits you! The orc sorcerer casts a spell at you.
The bolt of negative energy misses you.
Found a scroll labelled IMUEBBA XEXZIO and a potion of magic.
The orc sorcerer casts a spell at you. The bolt of negative energy hits you!!!
You feel drained.
* * * LOW HITPOINT WARNING * * *
You swap places.
The orc wizard hits you with a +0 dagger.
* * * LOW HITPOINT WARNING * * *
The orc sorcerer points at you and mumbles some strange words.
The bolt of fire hits you.
* * * LOW HITPOINT WARNING * * *
The bolt of fire hits your warg zombie!!
Your warg zombie barely misses the orc wizard.
You slice the orc sorcerer!!
The orc sorcerer is heavily wounded.
The orc wizard closely misses you.
The orc sorcerer gestures at you while chanting.
The bolt of negative energy hits you!
You feel drained.
You die...

...#_...[)...............
...#.8.8)#.............##
...##...##..).........##⌠
....#####............##..
.................#..##..!
..........).<)......+W..♣
.....#...)...Z......##..?
.........)(.....Z....##..
.#.#....[......Z@o....##⌠#
................o......###
..........................
...)......................
.#..#...................... ..##
##)##..........................#
#.3.......................#....##
...3......#.##..................#
...........#.....................


You could see an orc sorcerer (ally target), an orc wizard, drugrobin's ghost, a
friendly warg zombie, a friendly orc knight zombie and a friendly orc sorcerer
zombie.

Vanquished Creatures
  A fire dragon (Lair:5)
  3 hydras
  Fannar (Orc:1)
  Erica (D:11)
  A boulder beetle (Lair:4)
  3 two-headed ogres
  2 orc high priests (Orc:2)
  Amaemon (Lair:3)
  A bog body (Lair:2)
  A lindwurm (Lair:5)
  3 orc knights
  A necromancer (Lair:4)
  A wolf spider (Lair:5)
  An ugly thing (D:10)
  5 elephants
  Maurice (D:8)
  A guardian serpent (Lair:5)
  An orange demon (Lair:3)
  9 black mambas
  2 torpor snails
  8 cane toads
  A kobold demonologist (D:10)
  6 komodo dragons
  A rime drake (Lair:3)
  7 trolls
  2 polar bears
  3 tyrant leeches (Lair:5)
  10 hornets
  The ghost of BigDaddyOpFi the Covert, an amateur OpMo (D:5)
  3 blink frogs (Lair:5)
  2 shadows
  A vampire (D:9)
  A wraith (D:10)
  9 wyverns
  4 basilisks
  50 yaks
  2 steam dragons
  6 redbacks
  4 wargs
  The ghost of trickyswaf the Sneak, an amateur KoBr (D:3)
  4 acid dragons
  24 water moccasins
  An ice beast (D:6)
  2 black bears
  9 orc warriors
  9 ogres
  9 wolves
  5 centaurs
  5 kobold brigands
  A necrophage (D:7)
  2 gnoll sergeants
  4 bullfrogs
  3 scorpions
  4 wights (D:7)
  23 killer bees
  An electric eel (Lair:1)
  3 howler monkeys
  3 jellies
  A bullfrog zombie (D:5)
  2 hounds (D:6)
  3 gnoll boudas
  6 orc priests
  5 iguanas
  10 orc wizards
  2 polar bear simulacra (Lair:4)
  6 hell rats (Lair:1)
  2 yak simulacra (Lair:4)
  A wolf simulacrum (Lair:4)
  A hound zombie (D:5)
  6 adders
  23 gnolls
  11 river rats (Lair:1)
  2 white imps
  An ufetubus (D:4)
  2 worms
  2 dart slugs (D:2)
  57 orcs
  9 endoplasms
  3 giant cockroaches
  8 goblins
  15 hobgoblins
  3 jackals (D:4)
  20 kobolds
  6 quokkas
  8 ball pythons
  10 bats
  5 frilled lizards
  9 rats
  2 river rat simulacra (Lair:4)
515 creatures vanquished.

Vanquished Creatures (collateral kills)
  Gastronok (D:8)
  A hydra (Lair:2)
  A catoblepas (Lair:4)
  An orc high priest (Orc:2)
  Nergalle (Lair:2)
  An orc sorcerer (Orc:2)
  3 elephants
  A black mamba (Lair:5)
  4 torpor snails (Lair:5)
  5 cane toads (Lair:5)
  2 komodo dragons (Lair:5)
  A polar bear (Lair:2)
  A tyrant leech (Lair:5)
  A hornet (Lair:5)
  A blink frog (Lair:5)
  3 wyverns (Lair:5)
  A redback (Lair:2)
  3 water moccasins (Lair:5)
  An orc warrior (Orc:2)
  A sky beast (D:7)
  A bullfrog (Lair:4)
  A necrophage (D:7)
  A wyvern zombie (Lair:5)
  A wight (D:7)
  4 jellies (Lair:4)
  An orc priest (Orc:2)
  A yak simulacrum (Lair:4)
  3 wolf simulacra (Lair:4)
  An orc (Orc:2)
  2 endoplasms (Lair:4)
  2 quokkas (Lair:1)
  2 rats (Lair:1)
54 creatures vanquished.

Vanquished Creatures (others)
  A wolf spider zombie (Lair:5)
  A redback zombie (Lair:2)
  A cane toad zombie (Lair:4)
  A water moccasin (Lair:4)
  2 elephant zombies (Lair:4)
  A hornet zombie (Lair:5)
  A torpor snail zombie (Lair:4)
  A komodo dragon zombie (Lair:4)
  3 wyvern zombies
  7 water moccasin zombies
  5 yak zombies
  4 wolf zombies
  2 bullfrog zombies
  A basilisk zombie (Lair:4)
  2 ogre zombies (Orc:2)
  A hell rat zombie (Lair:1)
  A gnoll zombie (D:3)
  2 endoplasm zombies (Lair:4)
  9 orc zombies (Orc:2)
  2 quokka zombies (Lair:1)
  2 rat zombies (Lair:1)
  5 river rat zombies (Lair:1)
  61 fungi
  147 plants
263 creatures vanquished.

Grand Total: 832 creatures vanquished

Notes
Turn   | Place    | Note
-------+----------+-------------------------------------------
     0 | D:1      | KennySheep the Barachi Ice Elementalist began the quest for
                  | the Orb.
     0 | D:1      | Reached XP level 1. HP: 13/13 MP: 3/3
   256 | D:1      | Reached skill level 5 in Ice Magic
   348 | D:1      | Reached skill level 1 in Summonings
   348 | D:1      | Reached XP level 2. HP: 9/20 MP: 1/5
   772 | D:1      | Reached XP level 3. HP: 22/25 MP: 1/6
   886 | D:1      | Learned a level 3 spell: Frozen Ramparts
   900 | D:1      | Found Anoalog's Jewellery Boutique.
  1093 | D:2      | Reached skill level 1 in Fighting
  1180 | D:2      | Reached skill level 1 in Armour
  1852 | D:2      | Reached XP level 4. HP: 32/32 MP: 4/7
  2531 | D:3      | Noticed trickyswaf's ghost (amateur KoBr)
  2547 | D:3      | Found a transporter.
  2810 | D:3      | Got the Handbook of Putrid Dislocation
  3128 | D:3      | Found a transporter.
  3278 | D:3      | Gained mutation: You are vulnerable to cold. (rC-) [potion
                  | of mutation]
  3278 | D:3      | Gained mutation: You are agile. (Dex +4, Str/Int -1)
                  | [potion of mutation]
  3278 | D:3      | Gained mutation: You have a somewhat thin skeletal
                  | structure. (Dex +2, Stealth+) [potion of mutation]
  3691 | D:4      | Reached XP level 5. HP: 26/37 MP: 3/8
  4013 | D:4      | Found an ornate altar of the Wu Jian Council.
  4178 | D:4      | Reached XP level 6. HP: 33/44 MP: 4/10
  4220 | D:4      | Learned a level 3 spell: Ozocubu's Armour
  4573 | D:4      | Noticed a black bear
  4596 | D:5      | Entered Level 5 of the Dungeon
  4611 | D:5      | Found Ruycamoj's Weapon Emporium.
  4620 | D:5      | Found a shimmering altar of Xom.
  4919 | D:5      | Reached skill level 1 in Long Blades
  5262 | D:5      | Found a runed translucent gate.
  5262 | D:5      | Found a runed translucent gate.
  5262 | D:5      | Found a runed translucent gate.
  5262 | D:5      | Noticed BigDaddyOpFi's ghost (amateur OpMo)
  5264 | D:5      | Found a basalt altar of Yredelemnul.
  5706 | D:5      | Noticed a water moccasin
  5713 | D:5      | Killed a water moccasin
  5714 | D:5      | Reached skill level 2 in Long Blades
  5714 | D:5      | Reached XP level 7. HP: 51/51 MP: 4/11
  6063 | D:5      | Killed BigDaddyOpFi's ghost
  6166 | D:6      | Found Leuzib's Assorted Antiques.
  6177 | D:6      | Bought a scroll labelled COEZOFFIQI for 33 gold pieces
  6177 | D:6      | Bought 2 murky blue potions for 59 gold pieces
  6177 | D:6      | Bought a coppery potion for 29 gold pieces
  6177 | D:6      | Bought a murky blue potion for 29 gold pieces
  6192 | D:6      | Noticed a steam dragon
  6207 | D:6      | Killed a steam dragon
  6208 | D:6      | Reached skill level 3 in Long Blades
  6208 | D:6      | Reached skill level 5 in Summonings
  6208 | D:6      | Reached XP level 8. HP: 33/58 MP: 9/13
  6408 | D:6      | Found a staircase to the Ecumenical Temple.
  6430 | D:6      | Reached skill level 4 in Long Blades
  6553 | Temple   | Entered the Ecumenical Temple
  6860 | Temple   | Became a worshipper of Makhleb the Destroyer
  7192 | D:6      | Learned a level 4 spell: Summon Ice Beast
  7380 | D:7      | Reached skill level 5 in Long Blades
  7380 | D:7      | Reached XP level 9. HP: 65/65 MP: 9/15
  7684 | D:7      | Reached * piety under Makhleb
  7685 | D:7      | Reached skill level 6 in Long Blades
  7685 | D:7      | Reached skill level 5 in Armour
  7859 | D:7      | Learned a level 2 spell: Call Imp
  7885 | D:7      | Reached skill level 5 in Fighting
  7988 | D:7      | Found an opulent altar of Gozag.
  8380 | D:7      | Reached skill level 5 in Spellcasting
  8613 | D:8      | Reached XP level 10. HP: 74/74 MP: 13/17
  8623 | D:8      | Reached skill level 7 in Long Blades
  8769 | D:8      | Noticed Gastronok
  8779 | D:8      | Killed Gastronok
  8780 | D:8      | Reached skill level 10 in Ice Magic
  8874 | D:8      | Noticed Maurice
  8881 | D:8      | Killed Maurice
  8882 | D:8      | Reached skill level 8 in Long Blades
  8947 | D:8      | Found Pajisk's Jewellery Shop.
  8983 | D:8      | Noticed a two-headed ogre
  9000 | D:8      | Killed a two-headed ogre
  9000 | D:8      | Reached ** piety under Makhleb
  9269 | D:8      | Reached XP level 11. HP: 83/83 MP: 12/19
  9824 | D:9      | Identified the +7 mace "Goblinbane" {flame, Str-3 Dex+4
                  | Stlth+}
 10205 | D:9      | Reached skill level 9 in Long Blades
 10222 | D:9      | Paralysed by a hornet for 3 turns
 10233 | D:9      | Reached skill level 10 in Summonings
 10319 | D:9      | Reached *** piety under Makhleb
 10380 | D:9      | Found a transporter.
 10399 | D:9      | Noticed LnG's ghost (novice KoSu)
 10399 | D:9      | Noticed a moth of wrath
 10434 | D:9      | Found a transporter.
 10626 | D:10     | Entered Level 10 of the Dungeon
 10626 | D:10     | Found Morek's Assorted Antiques.
 10633 | D:10     | Bought a brown potion for 22 gold pieces
 10633 | D:10     | Bought a yellow potion for 22 gold pieces
 10651 | D:10     | Found Heng's Armour Boutique.
 10688 | D:10     | Found Petribr Tubb's Assorted Antiques.
 10698 | D:10     | Bought 3 scrolls labelled DORUOKHLALO for 111 gold pieces
 10698 | D:10     | Bought a scroll labelled HUOPNASMEALI for 37 gold pieces
 10698 | D:10     | Bought a sedimented yellow potion for 33 gold pieces
 10698 | D:10     | Bought a brown potion for 33 gold pieces
 11344 | D:10     | Found Tumiemih's Antique Armour Emporium.
 11486 | D:10     | Found a hazy altar of Hepliaklqana.
 11666 | D:10     | Noticed a green ugly thing
 11667 | D:10     | Noticed a two-headed ogre
 11675 | D:10     | Killed a green ugly thing
 11676 | D:10     | Reached skill level 1 in Shields
 11677 | D:10     | Killed a two-headed ogre
 11678 | D:10     | Reached skill level 10 in Long Blades
 11678 | D:10     | Reached XP level 12. HP: 60/91 MP: 16/22
 11707 | D:10     | Identified the +4 ring mail "Dankam" {Will++}
 11804 | D:10     | Noticed a two-headed ogre
 11820 | D:10     | Killed a two-headed ogre
 12019 | D:10     | Found a staircase to the Lair.
 12045 | D:10     | Found Vuggosche's Jewellery Shop.
 12239 | D:11     | Noticed Erica
 12251 | D:11     | Killed Erica
 12417 | D:11     | Reached **** piety under Makhleb
 12898 | D:11     | Identified a scroll of acquirement
 12899 | D:11     | Acquired 613 gold pieces
 12915 | D:11     | Found a staircase to the Orcish Mines.
 13079 | Orc:1    | Entered Level 1 of the Orcish Mines
 13094 | Orc:1    | Reached skill level 11 in Long Blades
 13256 | D:5      | Bought the +9 sword of Zonguldrok {reap} for 1040 gold
                  | pieces
 13256 | D:5      | Found the +9 sword of Zonguldrok {reap}
 13405 | Orc:1    | Noticed Fannar
 13422 | Orc:1    | Killed Fannar
 13685 | Orc:2    | Entered Level 2 of the Orcish Mines
 13685 | Orc:2    | Found a runed translucent door.
 13773 | Orc:2    | Noticed an orc high priest
 13789 | Orc:2    | Killed an orc high priest
 13889 | Orc:2    | Noticed an orc high priest
 13895 | Orc:2    | Killed an orc high priest
 14158 | Orc:2    | Reached ***** piety under Makhleb
 14164 | Orc:2    | Noticed an orc high priest
 14169 | Orc:2    | Noticed an orc warlord
 14193 | Orc:2    | Gained mutation: You are frail. (-10% HP) [a neqoxec]
 14208 | Orc:2    | Killed an orc high priest
 14209 | Orc:2    | Gained mutation: You can hop long distances. [Barachi
                  | growth]
 14209 | Orc:2    | Reached XP level 13. HP: 26/90 MP: 24/24
 14509 | Lair:1   | Entered Level 1 of the Lair of Beasts
 14563 | Lair:1   | Reached skill level 12 in Long Blades
 14749 | Lair:1   | Reached skill level 5 in Dodging
 15114 | Lair:1   | You fall into a shaft and drop 1 floor!
 15128 | Lair:2   | Reached skill level 5 in Shields
 15131 | Lair:2   | Found a staircase to the Swamp.
 15417 | Lair:2   | Found a hole to the Spider Nest.
 15417 | Lair:2   | Noticed Nergalle
 15428 | Lair:2   | Killed Nergalle
 16304 | Lair:3   | Found the +14 obsidian axe {vorpal, Mesm Drain Fly SInv}
 16397 | Lair:3   | Reached skill level 13 in Long Blades
 16661 | Lair:3   | Noticed Amaemon
 16671 | Lair:3   | Killed Amaemon
 17333 | Lair:4   | Reached skill level 10 in Fighting
 17652 | Lair:4   | Reached XP level 14. HP: 63/96 MP: 24/27
 17873 | Lair:4   | Found a viscous altar of Jiyva.
 17874 | Lair:4   | Found a staircase to the Slime Pits.
 17969 | Lair:4   | Learned a level 7 spell: Ozocubu's Refrigeration
 18431 | Lair:5   | Entered Level 5 of the Lair of Beasts
 18467 | Lair:5   | Reached skill level 14 in Long Blades
 18862 | Lair:5   | Reached ****** piety under Makhleb
 19284 | D:3      | Killed trickyswaf's ghost
 19285 | D:3      | Paralysed by a gnoll for 4 turns
 19699 | D:10     | Bought a tower shield for 130 gold pieces
 20776 | Lair:5   | Found a runed translucent door.
 21009 | Lair:5   | Paralysed by a hornet for 2 turns
 21013 | Lair:5   | Reached skill level 10 in Spellcasting
 21351 | Orc:2    | Noticed drugrobin's ghost (journeyman DgDe)
 21354 | Orc:2    | Killed from afar by an orc sorcerer

Illustrated notes

Levels and vault maps discovered:
D:1:      matt_arrival_refuge, layout_loops_cross, serial_shops,
          nicolae_shop_statue_plus, minivault_19
D:2:      layout_basic, due_unseen_surprise
D:3:      corexii_shack_village, layout_loops_cross,
          gammafunk_ghost_gnarly_gnolls, chequers_serial_rivers_small_3,
          dreamdust_mushroom_princess, supply_closet_lemuel, minmay_quantized
D:4:      layout_gridville, nzn_wu_jian_contemplation,
          chequers_serial_rivers_micro_d
D:5:      dreamdust_elfheim, layout_layer_cave,
          mainiacjoe_overflow_tiny_flanked, nicolae_yredelemnul_ghost_church,
          serial_shops, nicolae_shop_crystal
D:6:      minmay_diamond_boxcup, layout_basic, minmay_temple_entry_wispy,
          serial_shops, nicolae_shop_overgrown_old_shop
D:7:      layout_basic, nicolae_gozag_seed_capital
D:8:      layout_loops_ring, serial_shops, nicolae_shop_behind_doors,
          uniq_gastronok, uniq_maurice
D:9:      layout_rooms, gammafunk_ghost_berserking_beasts
D:10:     layout_rooms, lemuel_doored_altar, david_lair_shrubbed, serial_shops,
          nicolae_shop_statue_plus, shop, nicolae_shop_hallway_plus,
          nicolae_shop_overgrown_old_shop, nicolae_shop_stone,
          chequers_serial_rivers_small_3, minmay_increasing_density
D:11:     layout_loops_ring, david_orc_1_choice, serial_aquarium,
          aquarium_bridge_long_separate [aquarium_subvault_bridge,
          aquarium_subvault_bridge, aquarium_subvault_wall,
          aquarium_subvault_bridge, aquarium_subvault_bridge,
          aquarium_subvault_window], aquarium_bridge_square
          [aquarium_subvault_wall, aquarium_subvault_bridge,
          aquarium_subvault_bridge, aquarium_subvault_window],
          aquarium_window_2, aquarium_window_1, aquarium_view_2b,
          aquarium_balcony_3b, uniq_erica
Temple:   minmay_temple_bridge_d
Lair:1:   lemuel_ratsnest, layout_regular_city, infiniplex_staircase_pool_2,
          grunt_megastairs_1, serial_bayou_shore_a
Lair:2:   layout_roguey, skrybe_swamp_entry_bodies, spider_nest_entry_webs,
          uniq_nergalle
Lair:3:   layout_loops_ring, dreamdust_deal_with_the_devil, uniq_nessos,
          uniq_rupert, uniq_amaemon
Lair:4:   hellmonk_destroyed_diamonds, layout_loops_ring,
          nicolae_slime_entry_slimehenge, chequers_serial_rivers_room_b,
          eino_house_with_fridge
Lair:5:   wormcave, layout_regular_city, hangedman_lair_tendril_chambers,
          lemuel_fruit_tree
Orc:1:    layout_diamond_mine, serial_shops, nicolae_shop_bloodbath_and_beyond,
          uniq_fannar
Orc:2:    grunt_orc_cross, layout_caves, hellmonk_ghost_happy_afterlife,
          kennysheep_orc_chapel

Skill      XL: |  1  2  3  4  5  6  7  8  9 10 11 12 13 14 |
---------------+-------------------------------------------+-----
Ice Magic      | 5 6 7 8 9 10 11 12 13 | 13.3
Summonings     | 1 2 3 4 5 6 7 9 10 | 10.9
Fighting       | 1 2 3 4 5 6 7 8 10 11 | 11.1
Armour         | 1 2 3 4 5 6 7 8 9 |  9.0
Spellcasting   | 3 4 5 6 7 9 10 | 10.1
Long Blades    | 2 3 5 6 8 10 11 13 14 | 14.9
Shields        | 1 4 6 7 |  7.6
Dodging        | 4 6 7 |  7.9
Stealth        | |  1.7

Action                   |  1- 3 |  4- 6 |  7- 9 | 10-12 | 13-15 || total
-------------------------+-------+-------+-------+-------+-------++-------
Melee: Unarmed           |     5 |       |       |       |       ||     5
       Dagger            |     4 |       |       |       |       ||     4
       Long sword        |       |    61 |   140 |   225 |       ||   426
       Punch             |       |       |     2 |     6 |       ||     8
       Staff             |       |       |     1 |       |       ||     1
       Scimitar          |       |       |       |    72 |       ||    72
       Double sword      |       |       |       |    68 |   477 ||   545
 Cast: Freeze            |    62 |   114 |     2 |     3 |    14 ||   195
       Frozen Ramparts   |       |     2 |    19 |    46 |    14 ||    81
       Ozocubu's Armour  |       |     1 |    10 |    28 |    18 ||    57
       Summon Ice Beast  |       |       |     5 |     3 |     1 ||     9
       Call Imp          |       |       |     2 |       |       ||     2
 Abil: Hop               |       |       |     1 |     2 |       ||     3
Evoke: Wand              |       |       |     1 |       |       ||     1
  Use: Potion            |       |     6 |     4 |     2 |     1 ||    13
       Scroll            |       |     4 |     5 |    11 |     4 ||    24
 Stab: Sleeping          |       |     3 |     2 |     7 |     9 ||    21
       Invisible         |       |       |       |     1 |       ||     1
       Distracted        |       |       |       |     1 |     9 ||    10
       Betrayed ally     |       |       |       |       |     1 ||     1
Armor: Robe              |    12 |       |       |       |       ||    12
       Leather armour    |     4 |    27 |       |       |       ||    31
       Ring mail         |       |    35 |    78 |   114 |       ||   227
       Acid dragon scale |       |       |       |    69 |   170 ||   239
Dodge: Dodged            |    41 |   121 |    97 |   239 |   313 ||   811
       Repelled          |       |       |       |     3 |     2 ||     5
Block: Buckler           |       |       |       |    76 |   136 ||   212
       Tower shield      |       |       |       |       |   208 ||   208

Table legend: (Time is in decaauts)
 A = Elapsed time spent in this place.
 B = Non-inter-level travel time spent in this place.
 C = Inter-level travel time spent in this place.
 D = Time resting spent in this place.
 E = Time spent auto-exploring this place.
 F = Levels seen in this place.
 G = Mean time per level.
                   A        B        C        D        E       F      G
               +--------+--------+--------+--------+--------+-----+--------+
         Total |  23830 |  21384 |   2446 |   3250 |  14033 |  19 | 1254.2 |
       Dungeon |  15493 |  13923 |   1570 |   2059 |   9304 |  11 | 1408.5 |
        Temple |    455 |    279 |    176 |      0 |    264 |   1 |  455.0 |
          Lair |   6758 |   6092 |    666 |    636 |   4186 |   5 | 1351.6 |
  Orcish Mines |   1123 |   1091 |     32 |    555 |    277 |   2 |  561.5 |
               +--------+--------+--------+--------+--------+-----+--------+

Top non-repeatable levels by time:
    D:10: 2166 daAuts
  Lair:5: 2081 daAuts
     D:5: 1928 daAuts
     D:3: 1709 daAuts
  Lair:4: 1444 daAuts
     D:7: 1443 daAuts
  Lair:3: 1365 daAuts
     D:4: 1355 daAuts
     D:8: 1327 daAuts
     D:2: 1281 daAuts
     D:1: 1193 daAuts
    D:11: 1145 daAuts
  Lair:2: 1117 daAuts
     D:9: 1001 daAuts
     D:6: 939 daAuts
